 Dungeon Crawl Stone Soup version 0.30-a0-137-gd8773701ce (webtiles) character file.

Game seed: 8894552207574591828

3600 jimonade the Markself (level 9, 0/42 HPs)
             Began as a Deep Elf Hunter on Sept 21, 2022.
             Was a Follower of Hepliaklqana.
             Slain by a killer bee (6 damage)
             ... on level 8 of the Dungeon.
             The game lasted 00:22:01 (10684 turns).

jimonade the Markself (Deep Elf Hunter)            Turns: 10684, Time: 00:22:02

Health: 0/42       AC:  7    Str: 20    XL:     9   Next: 85%
Magic:  20/20      EV: 12    Int: 15    God:    Hepliaklqana [*.....]
Gold:   366        SH:  0    Dex: 22    Spells: 20/20 levels left

rFire   . . .      SeeInvis .    a - +1 shortbow
rCold   . . .      Faith    .    (shield currently unavailable)
rNeg    . . .      Spirit   .    k - +1 ring mail
rPois   .          Reflect  .    (no helmet)
rElec   .          Harm     .    (no cloak)
rCorr   .          Rampage  .    (no gloves)
Will    .....                    g - +0 pair of boots
Stlth   ++........               d - amulet of the acrobat
HPRegen 0.14/turn                j - +6 ring of strength
MPRegen 0.17/turn                J - +6 ring of strength

@: lethally poisoned (0 -> -3)
A: reduced essence
a: Renounce Religion, Recall Ancestor, Ancestor Identity


You were on level 8 of the Dungeon.
You worshipped Hepliaklqana.
Hepliaklqana was aware of your devotion.
You visited 2 branches of the dungeon, and saw 9 of its levels.
You also visited: Sewer.

You collected 366 gold pieces.

Inventory:

Hand Weapons
 a - a +1 shortbow (weapon)
 b - a +0 dagger of venom
 r - a +0 shortbow
 x - a +0 whip of electrocution
 H - a +3 sling
 K - a +0 quarterstaff
 O - a +2 vampiric trident
Missiles
 e - 3 silver javelins
 E - 18 poisoned darts
Armour
 c - a +0 leather armour
 g - a +0 pair of boots (worn)
 k - a +1 ring mail (worn)
 l - the +1 robe of the Earth {rF++}
   (You found it on level 2 of the Dungeon)

   rF:        It greatly protects you from fire.
 M - the +0 robe of the Wasteland {+Inv rF- Int+7 Archmagi}
   (You found it on level 6 of the Dungeon)

   Int:       It affects your intelligence (+7).
   rF:        It makes you vulnerable to fire.
   +Inv:      It lets you turn invisible.
   Archmagi:  It increases the power of your magical spells.
Jewellery
 d - an amulet of the acrobat (around neck)
 j - a +6 ring of strength (left hand)
 J - a +6 ring of strength (right hand)
Wands
 t - a wand of mindburst (7)
 v - a wand of light (12)
 I - a wand of flame (24)
 N - a wand of paralysis (9)
Scrolls
 f - 2 scrolls of immolation
 i - a scroll of vulnerability
 o - 4 scrolls of enchant armour
 p - 2 scrolls of teleportation
 s - 2 scrolls of blinking
 y - a scroll of fog {unknown}
 G - 4 scrolls of identify
Potions
 h - a potion of heal wounds
 m - 2 potions of flight {unknown}
 n - 5 potions of lignification
 q - 4 potions of curing {unknown}
 u - a potion of resistance {unknown}
 w - a potion of brilliance {unknown}
 z - 2 potions of cancellation {unknown}
 A - 2 potions of invisibility {unknown}
 B - 3 potions of mutation {unknown}
 C - 3 potions of haste {unknown}
 D - a potion of magic {unknown}
 Q - a potion of berserk rage {unknown}


   Skills:
 - Level 1.5 Fighting
 - Level 16.0 Ranged Weapons
 - Level 2.4 Dodging
 - Level 1.2 Stealth
 * Level 6.3 Spellcasting
 * Level 3.5 Hexes
 * Level 5.2 Translocations


You had 20 spell levels left.
You didn't know any spells.
Your spell library contained the following spells:

 Spells                   Type           Power      Damage    Failure   Level
 Apportation              Tloc           40%        N/A       2%          1
 Gell's Gravitas          Tloc           20%        N/A       9%          3
 Lesser Beckoning         Tloc           20%        N/A       9%          3
 Teleport Other           Tloc           20%        N/A       9%          3
 Portal Projectile        Hex/Tloc       36%        N/A       12%         3
 Tukima's Dance           Hex            15%        N/A       17%         3
 Magic Dart               Conj           16%        1d3       24%         1
 Necrotise                Necr           16%        1d4       24%         1
 Summon Small Mammal      Summ           16%        N/A       24%         1
 Dazzling Flash           Conj/Hex       20%        N/A       34%         3
 Call Imp                 Summ           4%         N/A       36%         2
 Mephitic Cloud           Conj/Pois/Air  4%         N/A       58%         3
 Olgreb's Toxic Radiance  Pois           4%         N/A       94%         4
 Silence                  Hex/Air        5%         N/A       97%         5
 Agony                    Necr           4%         N/A       100%        5
 Blade Hands              Tmut           2%         N/A       100%        5
 Ozocubu's Refrigeration  Ice            2%         4d7       100%        7
 Ignition                 Fire           2%         3d3       100%        8


Dungeon Overview and Level Annotations

Branches:
Dungeon (8/15)             Temple (1/1) D:4           Sewer (visited)
   Lair: D:8-11

Altars:
Ashenzari
Cheibriados
Dithmenos
Elyvilon
Fedhas
Gozag
Hepliaklqana
Kikubaaqudgha
Makhleb
Nemelex Xobeh
Okawaru
Qazlal
Ru
Sif Muna
Trog
Uskayaw
Vehumet
Wu Jian
Xom
Yredelemnul
Zin
The Shining One

Shops:
D:4 [


Message History

You shoot an arrow. The arrow misses the killer bee.
The killer bee completely misses you. The killer bee stings you.
You are poisoned.
The killer bee poisons you! The killer bee closely misses you.
You shoot an arrow. The arrow hits the killer bee!
You kill the killer bee!
You feel sick. The killer bee closely misses you.
The killer bee stings you but does no damage.
The killer bee completely misses you. The killer bee barely misses you.
Training target 16.0 for Ranged Weapons reached!
Your Ranged Weapons skill increases to level 16!
You shoot an arrow. The arrow hits the killer bee!
The killer bee is heavily wounded.
You feel sick. The killer bee misses you. The killer bee stings you.
You are too injured to fight recklessly!
You are too injured to fight recklessly!
You are too injured to fight recklessly!
Fire: a) +1 shortbow
Press: ? - help, Q - select action, (/) - cycle Shift-Dir - straight line, f/p - killer bee
Aim: a killer bee (heavily wounded, 51% to hit)
You shoot an arrow. The arrow hits the killer bee!
The killer bee is almost dead.
You feel sick. The killer bee stings you. The killer bee closely misses you.
The killer bee stings you but does no damage.
The killer bee stings you.
Fire: a) +1 shortbow
Press: ? - help, Q - select action, (/) - cycle Shift-Dir - straight line, f/p - killer bee
Aim: a killer bee (almost dead, 51% to hit)
You shoot an arrow. The arrow hits the killer bee!
You kill the killer bee!
The killer bee stings you!
* * * LOW HITPOINT WARNING * * *
The killer bee barely misses you.
Fire: a) +1 shortbow
Press: ? - help, Q - select action, (/) - cycle Shift-Dir - straight line, f - killer bee
Aim: a killer bee (51% to hit)
You shoot an arrow. The arrow hits the killer bee!
The killer bee is severely wounded.
You feel sick. The killer bee stings you.
You die...

#......).# #..#.#
#........####..#.#
###.....)..##..#.#
#.##.....##..#.######
#.#......##..........
# #......##.##.######
#......).....#
#.#.......#..#
#.#.......#@y#
#.#.......#††#
#.......#..#
#.......#..#
.........#..#
##......##.~. ....
###... #.##


You could see a killer bee.

Vanquished Creatures
  A wyvern (D:7)
  2 yaks (D:8)
  An orc warrior (D:6)
  A sky beast (D:8)
  An ice beast (D:5)
  2 ogres
  A centaur (D:5)
  A kobold brigand (Sewer)
  An elf zombie (D:6)
  A gnoll sergeant (D:5)
  2 necrophages
  2 bullfrogs (D:7)
  An elf skeleton (D:6)
  2 scorpions (D:5)
  9 killer bees
  A howler monkey (D:4)
  A jelly (D:7)
  A human zombie (D:6)
  3 orc priests
  A gnoll bouda (D:5)
  A hound (D:5)
  An iguana (D:5)
  3 human skeletons (D:6)
  2 orc wizards (D:5)
  13 gnolls
  2 river rats (Sewer)
  11 adders
  A shadow imp (D:7)
  2 white imps
  A worm (D:2)
  4 dart slugs
  17 orcs
  4 bats
  8 endoplasms
  5 giant cockroaches
  5 goblins
  4 hobgoblins
  5 jackals
  9 quokkas
  10 ball pythons
  6 frilled lizards
  22 kobolds
  An orc skeleton (D:6)
  An orc zombie (D:6)
  13 rats
186 creatures vanquished.

Vanquished Creatures (collateral kills)
  A yak (D:8)
  A steam dragon (D:7)
  A black bear (D:8)
  An orc warrior (D:8)
  An elf zombie (D:6)
  A bullfrog (D:6)
  A necrophage (D:6)
  A killer bee (D:8)
  A human zombie (D:6)
  A gnoll bouda (D:7)
  A jelly (D:7)
  An orc wizard (D:8)
  A gnoll (D:7)
  A white imp (D:7)
  An orc (D:8)
  An orc zombie (D:6)
16 creatures vanquished.

Vanquished Creatures (others)
  3 ancestors
  2 plants (D:7)
5 creatures vanquished.

Grand Total: 207 creatures vanquished

Notes
Turn   | Place    | Note
-------+----------+-------------------------------------------
     0 | D:1      | jimonade the Deep Elf Hunter began the quest for the Orb.
     0 | D:1      | Reached XP level 1. HP: 12/12 MP: 3/3
   363 | D:1      | Reached XP level 2. HP: 16/16 MP: 4/4
   372 | D:1      | Reached skill level 6 in Ranged Weapons
   888 | D:1      | Reached XP level 3. HP: 20/20 MP: 5/5
   987 | D:1      | Found a faded altar of an unknown god.
  1363 | D:2      | Identified the +1 robe of the Earth {rF++}
  1492 | D:2      | Reached skill level 7 in Ranged Weapons
  2076 | D:3      | Reached XP level 4. HP: 25/25 MP: 6/6
  2280 | D:3      | Reached skill level 8 in Ranged Weapons
  2307 | D:3      | Reached XP level 5. HP: 17/29 MP: 7/7
  2658 | D:3      | Found a glowing drain.
  2669 | Sewer    | Entered a sewer
  2867 | Sewer    | Reached skill level 9 in Ranged Weapons
  3552 | Sewer    | Reached XP level 6. HP: 4/34 MP: 8/8
  4659 | D:3      | Reached skill level 10 in Ranged Weapons
  4692 | D:4      | Found Cuojapt's Armour Shoppe.
  4828 | D:4      | Found a staircase to the Ecumenical Temple.
  4837 | Temple   | Entered the Ecumenical Temple
  5008 | Temple   | Became a worshipper of Hepliaklqana the Forgotten
  5107 | D:4      | Reached skill level 1 in Spellcasting
  5465 | D:5      | Entered Level 5 of the Dungeon
  5511 | D:5      | Reached skill level 1 in Translocations
  6017 | D:5      | Reached XP level 7. HP: 38/38 MP: 11/11
  6073 | D:5      | HP: 1/38 [iguana (11)]
  6081 | D:5      | Reached skill level 11 in Ranged Weapons
  7292 | D:5      | Reached skill level 12 in Ranged Weapons
  7361 | D:5      | Reached XP level 8. HP: 35/43 MP: 13/15
  7365 | D:5      | Found an iron altar of Okawaru.
  7742 | D:6      | Reached * piety under Hepliaklqana
  8026 | D:6      | Identified the +0 robe of the Wasteland {+Inv rF- Int+7
                  | Archmagi}
  8447 | D:6      | Reached skill level 13 in Ranged Weapons
  8948 | D:7      | Reached skill level 14 in Ranged Weapons
  8960 | D:7      | Reached skill level 5 in Spellcasting
  8960 | D:7      | Reached XP level 9. HP: 42/42 MP: 18/18
  9057 | D:7      | Found a glowing silver altar of Zin.
  9105 | D:7      | Found a hide-covered altar of Uskayaw.
  9163 | D:7      | Reached skill level 1 in Hexes
 10272 | D:8      | Reached skill level 15 in Ranged Weapons
 10496 | D:8      | Reached skill level 5 in Translocations
 10681 | D:8      | Reached skill level 16 in Ranged Weapons
 10684 | D:8      | Slain by a killer bee

Illustrated notes

Levels and vault maps discovered:
D:1:      lightli_arrival_statue_moat, layout_basic, basic_ecumenical_altar,
          serial_bayou_pond_e, st_stairs_13, minivault_24
D:2:      layout_loops_ring, amcnicky_mini_rare_corridor_liquid,
          chequers_serial_rivers_room_b
D:3:      layout_basic, gup_sewer_entry_pipe
D:4:      layout_basic, minmay_temple_entry_junction_2, serial_shops,
          nicolae_stop_n_shop_1
D:5:      layout_basic, marbit_many_paths
D:6:      layout_loops_corners, nicolae_ossuary_entry_catacombs
D:7:      layout_basic, mainiacjoe_overflow_large_starburst,
          serial_bayou_pond_e, hangedman_decor_opposing
D:8:      layout_basic, kennysheep_path_1
Temple:   nicolae_temple_bog_church

Skill      XL: |  1  2  3  4  5  6  7  8  9 |
---------------+----------------------------+-----
Ranged Weapons | 6 7 8 9 10 12 14 16 | 16.0
Spellcasting   | 1 3 5 6 |  6.3
Translocations | 1 2 4 5 |  5.2
Hexes          | 3 |  3.5
Fighting       | |  1.5
Dodging        | |  2.4
Stealth        | |  1.2

Action                   |  1- 3 |  4- 6 |  7- 9 || total
-------------------------+-------+-------+-------++-------
 Fire: Shortbow          |    72 |   246 |   371 ||   689
Invok: Ancestor Identity |       |       |     2 ||     2
  Use: Scroll            |       |       |    13 ||    13
       Potion            |       |       |     2 ||     2
Armor: Leather armour    |     1 |       |       ||     1
       Robe              |       |    20 |     2 ||    22
       Ring mail         |       |       |    13 ||    13
Dodge: Dodged            |     4 |    72 |    89 ||   165

Table legend: (Time is in decaauts)
 A = Elapsed time spent in this place.
 B = Non-inter-level travel time spent in this place.
 C = Inter-level travel time spent in this place.
 D = Time resting spent in this place.
 E = Time spent auto-exploring this place.
 F = Levels seen in this place.
 G = Mean time per level.
                   A        B        C        D        E       F      G
               +--------+--------+--------+--------+--------+-----+--------+
         Total |  10689 |  10156 |    533 |   1626 |   6631 |  10 | 1068.9 |
       Dungeon |   8855 |   8351 |    504 |    930 |   6005 |   8 | 1106.9 |
        Temple |    186 |    157 |     29 |      0 |    142 |   1 |  186.0 |
         Sewer |   1648 |   1648 |      0 |    696 |    484 |   1 | 1648.0 |
               +--------+--------+--------+--------+--------+-----+--------+

Top non-repeatable levels by time:
     D:5: 1887 daAuts
   Sewer: 1648 daAuts
     D:6: 1387 daAuts
     D:1: 1224 daAuts
     D:4: 1109 daAuts
     D:3: 1016 daAuts
     D:7: 884 daAuts
     D:2: 859 daAuts
     D:8: 485 daAuts
  Temple: 186 daAuts
